 Dungeon Crawl Stone Soup version 0.19-a0-726-g4af737f (webtiles) character file.

897 qqqbard the Cruncher (level 8, -4/44 HPs)
             Began as a Gargoyle Gladiator on June 21, 2016.
             Killed by divine providence
             ... invoked by an orc priest
              (15 damage)
             ... on level 5 of the Dungeon.
             The game lasted 00:08:23 (3382 turns).

qqqbard the Cruncher (Gargoyle Gladiator)           Turns: 3382, Time: 00:08:23

Health: -4/44      AC: 23    Str: 19 (20) XL:     8   Next: 7%
Magic:  8/8        EV: 10    Int:  5 (6)  God:
Gold:   236        SH:  0    Dex: 10      Spells: 0 memorised, 7 levels left

rFire  + + .     SeeInvis +     a - +0 quarterstaff
rCold  . . .     Gourm    .     y - +4 scale mail
rNeg   + . .     Faith    .     (shield currently unavailable)
rPois  ∞         Spirit   .     c - +0 helmet
rElec  +         Dismiss  .     p - +0 cloak
rCorr  .         Reflect  .     z - +0 pair of gloves
SustAt .         Harm     .     (no boots)
MR     .....                    (no amulet)
Stlth  ..........               (no ring)
                                (no ring)

@: not resistant to hostile enchantments, extremely unstealthy
A: molten scales 1, slimy green scales 1, see invisible, deterioration 1, dopey
1, fire resistance 2, negative energy resistance 1, electricity resistance, weak
1, unbreathing, petrification resistance, rot immunity, AC +5
a: no special abilities


You were on level 5 of the Dungeon.
You were not hungry.

You visited 1 branch of the dungeon, and saw 5 of its levels.

You collected 236 gold pieces.

Inventory:

Hand Weapons
 a - a +0 quarterstaff (weapon)
Missiles
 d - 3 throwing nets (quivered)
Armour
 c - a +0 helmet (worn)
 p - a +0 cloak (worn)
 y - a +4 scale mail (worn)
 z - a +0 pair of gloves (worn)
Jewellery
 l - an uncursed ring of stealth
Scrolls
 b - 2 scrolls of random uselessness {unknown}
 e - 4 scrolls of teleportation
 n - 2 scrolls of blinking
 r - a scroll of recharging {unknown}
 s - a scroll of amnesia
 t - 6 scrolls of remove curse {unknown}
 v - a scroll of immolation {unknown}
 A - a scroll of fog {unknown}
 B - a scroll of torment {unknown}
Potions
 g - 2 potions of haste
 h - 2 potions of might
 i - a potion of agility {unknown}
 j - 2 potions of invisibility
 k - a potion of lignification {unknown}
 m - a potion of degeneration {unknown}
 q - a potion of heal wounds {unknown}
 u - 3 potions of curing
 w - a potion of brilliance {unknown}
Comestibles
 f - 5 bread rations
 o - 2 beef jerkies
 x - a meat ration


   Skills:
 - Level 2.1 Fighting
 * Level 8.0 Staves
 - Level 1.7 Throwing
 + Level 5.2 Armour
 - Level 2.4 Dodging


You had 7 spell levels left.
You didn't know any spells.

Dungeon Overview and Level Annotations

Branches:
Dungeon (5/15)
 Temple: D:4-7

Altars:


Innate Abilities, Weirdness & Mutations

You are resistant to torment.
Your stone body is resilient. (AC +5)
You are immune to poison.
You resist negative energy. (rN+)
You are resistant to electric shocks. (rElec)
You can survive without breathing.
You are immune to petrification.
You are immune to rotting.
You are partially covered in molten scales. (AC +1)
You are partially covered in slimy green scales. (AC +2)
You have supernaturally acute eyesight. (SInv)
Your body sometimes deteriorates upon taking damage.
You are dopey. (Int -2)
Your flesh is very heat resistant. (rF++)
You are weak. (Str -2)


Message History

You hit the orc priest but do no damage.
The orc priest calls down the wrath of Beogh upon you.
Beogh smites you!
* * * LOW HITPOINT WARNING * * *
You hit the orc priest but do no damage.
The orc misses you. The orc hits you but does no damage.
The orc priest closely misses you.
You hit the orc priest.
The orc priest is lightly wounded.
The orc hits you but does no damage. The orc closely misses you.
You sock the orc priest!
The orc priest is almost dead.
The orc priest misses you. The orc closely misses you.
The orc hits you but does no damage.
Your scale mail prevents you from hitting the orc priest.
The orc priest is severely wounded.
The orc closely misses you.
The orc priest invokes the aid of Beogh against you.
Beogh smites you!
You die...

###### #########
#oo..# .........#
#@##)#
.........#######o##.#
................>##o##
.........#####.......#
.........#####.......#
.....................#
....(....#####.......#
.........## #.......#
....#.....# #...[...#


You could see an orc priest and 2 orcs.

Vanquished Creatures
  Pikel (D:4)
  A slave (D:4)
  An ogre (D:4)
  A crimson imp (D:5)
  An orc priest (D:5)
  2 hounds
  An iguana (D:4)
  A worker ant (D:4)
  Terence (D:3)
  5 adders
  4 gnolls (D:3)
  An ooze (D:3)
  2 adder skeletons (D:4)
  2 worms
  3 dart slugs
  2 giant geckos (D:3)
  6 orcs
  6 bats
  5 giant cockroaches
  2 goblins
  A hobgoblin (D:2)
  3 jackals (D:4)
  5 kobolds
  2 quokkas (D:4)
  A giant newt (D:2)
  A quokka skeleton (D:4)
  6 rats
67 creatures vanquished.

Vanquished Creatures (others)
  2 jackals (D:4)
  4 toadstools (D:1)
6 creatures vanquished.

Grand Total: 73 creatures vanquished

Notes
Turn   | Place    | Note
--------------------------------------------------------------
     0 | D:1      | qqqbard the Gargoyle Gladiator began the quest for the Orb.
     0 | D:1      | Reached XP level 1. HP: 12/12 MP: 1/1
   303 | D:1      | Reached XP level 2. HP: 17/17 MP: 2/2
   963 | D:2      | Reached skill level 4 in Staves
  1024 | D:2      | Reached XP level 3. HP: 14/21 MP: 3/3
  1154 | D:2      | Reached skill level 1 in Armour
  1431 | D:2      | Reached XP level 4. HP: 26/26 MP: 4/4
  1954 | D:3      | Noticed Terence
  1994 | D:3      | Killed Terence
  2028 | D:3      | Gained mutation: You are partially covered in molten scales. (AC +1) [potion of mutation]
  2028 | D:3      | Gained mutation: You are weak. (Str -2) [potion of mutation]
  2028 | D:3      | Gained mutation: You are partially covered in slimy green scales. (AC +2) [potion of mutation]
  2029 | D:3      | Gained mutation: Your body sometimes deteriorates upon taking damage. [potion of mutation]
  2029 | D:3      | Gained mutation: You expend magic power (3 MP) to strengthen your wands. [potion of mutation]
  2029 | D:3      | Gained mutation: Your flesh is heat resistant. (rF+) [potion of mutation]
  2030 | D:3      | Gained mutation: You have supernaturally acute eyesight. (SInv) [potion of mutation]
  2030 | D:3      | Lost mutation: You expend magic power (3 MP) to strengthen your wands. [potion of mutation]
  2088 | D:3      | Reached skill level 5 in Staves
  2088 | D:3      | Reached XP level 5. HP: 20/30 MP: 5/5
  2537 | D:4      | Reached XP level 6. HP: 35/35 MP: 6/6
  2686 | D:4      | Reached skill level 6 in Staves
  2702 | D:4      | Gained mutation: You are dopey. (Int -2) [potion of mutation]
  2702 | D:4      | Gained mutation: Your flesh is very heat resistant. (rF++) [potion of mutation]
  2885 | D:4      | Noticed a slave
  2886 | D:4      | Noticed a slave
  2887 | D:4      | Noticed Pikel
  2887 | D:4      | Noticed a slave
  2887 | D:4      | Noticed a slave
  2914 | D:4      | Killed a slave
  2946 | D:4      | Killed Pikel
  2946 | D:4      | Reached skill level 7 in Staves
  2946 | D:4      | Reached skill level 5 in Armour
  2946 | D:4      | Reached XP level 7. HP: 14/40 MP: 7/7
  3269 | D:5      | Entered Level 5 of the Dungeon
  3307 | D:5      | Reached XP level 8. HP: 44/44 MP: 8/8
  3377 | D:5      | Reached skill level 8 in Staves
  3382 | D:5      | Killed from afar by an orc priest

Vault maps used:
D:1:      ldierk_walled_garden_2
D:3:      uniq_terence
D:4:      minmay_misc_feat_five, uniq_pikel
D:5:      first_bread, uniq_crazy_yiuf_cottage

Skill      XL: |  1  2  3  4  5  6  7  8 |
---------------+-------------------------+-----
Staves         | 4 5 7 8 |  8.0
Armour         | 1 2 3 5 |  5.2
Fighting       | |  2.1
Throwing       | |  1.7
Dodging        | |  2.4

Action                   |  1- 3 |  4- 6 |  7- 9 || total
-------------------------+-------+-------+-------++-------
Melee: Quarterstaff      |    62 |   211 |    35 ||   308
  Use: Scroll            |     1 |     5 |     3 ||     9
       Potion            |       |     4 |       ||     4
  Eat: Chunk             |     1 |     5 |     2 ||     8
Armor: Leather armour    |    33 |    39 |       ||    72
       Scale mail        |       |    74 |    13 ||    87
Dodge: Dodged            |    37 |   139 |    17 ||   193
